 Dungeon Crawl Stone Soup version 0.31-a0-702-gf82c85558f (webtiles) character file.

Game seed: 18256385676947106783

1950 Malachi the Insei (level 9, 0/96 (100) HPs)
             Began as a Gnoll Shapeshifter on Sept 8, 2023.
             Was a High Priest of Ignis.
             Slain by a wight
             ... wielding a +3 trident
              (2 damage)
             ... on level 6 of the Dungeon.
             The game lasted 00:05:52 (4958 turns).

Malachi the Insei (Gnoll Shapeshifter)              Turns: 4958, Time: 00:05:53

HP:   0/96 (100)    AC: 28    Str: 14    XL:     9   Next: 18%
MP:   15/15         EV:  2    Int:  9    God:    Ignis [*****.]
Gold: 310           SH:  0    Dex: 22    Spells: 16/16 levels left

rFire   + .          .
                       - Unarmed
rCold   . . .        (no shield)
rNeg    . . .        i - melded +1 scale mail
rPois   +            (helmet currently unavailable)
rElec   .            (cloak currently unavailable)
rCorr   .            (gloves currently unavailable)
SInv    .            (boots currently unavailable)
Will    .....        (no amulet)
Stlth   +++          p - +4 ring of protection
HPRegen 0.36/turn    s - +6 ring of dexterity
MPRegen 0.14/turn

%: no passive effects
@: lethally poisoned (0 -> -2), tree-form, hasted, lightly drained, very quick
A: stationary, stasis, torment immunity, boosted hp, (fangs 1), strong nose,
distributed training
a: Renounce Religion, Fiery Armour, Foxfire Swarm, Rising Flame


You were on level 6 of the Dungeon.
You worshipped Ignis.
Ignis was extremely pleased with you.
You were a tree.
You visited 1 branch of the dungeon, and saw 7 of its levels.

You collected 310 gold pieces.

Inventory:

Armour
 i - a +1 scale mail (melded)
 w - a +0 cloak
Jewellery
 p - a +4 ring of protection (left branch)
 q - a ring of see invisible
 s - a +6 ring of dexterity (right branch)
 u - a ring of willpower
 z - an amulet of guardian spirit
Talismans
 c - a beast talisman
 d - a flux talisman
Wands
 l - a wand of flame (63)
 n - a wand of quicksilver (7)
 y - a wand of charming (12)
Scrolls
 f - a scroll of amnesia
 h - a scroll of teleportation
 k - a scroll of summoning
 v - a scroll of fog
Potions
 e - a potion of enlightenment {unknown}
 g - 3 potions of ambrosia {unknown}
 j - a potion of might {unknown}
 m - a potion of resistance {unknown}
 o - 2 potions of curing {unknown}
 t - a potion of mutation {unknown}


   Skills:
 + Level 4.9 Fighting
 + Level 4.0 Short Blades
 + Level 4.0 Long Blades
 + Level 4.0 Axes
 + Level 4.0 Maces & Flails
 + Level 4.0 Polearms
 + Level 4.0 Staves
 + Level 4.0 Ranged Weapons
 + Level 4.0 Throwing
 + Level 4.0 Armour
 + Level 6.2 Dodging
 + Level 4.0 Stealth
 + Level 4.0 Shields
 + Level 7.8 Unarmed Combat
 + Level 4.0 Spellcasting
 + Level 3.3 Conjurations
 + Level 3.3 Hexes
 + Level 3.3 Summonings
 + Level 3.3 Necromancy
 + Level 3.3 Translocations
 + Level 3.3 Transmutations
 + Level 3.3 Fire Magic
 + Level 3.3 Ice Magic
 + Level 3.3 Air Magic
 + Level 3.3 Earth Magic
 + Level 3.3 Poison Magic
 + Level 4.5 Invocations
 + Level 4.0 Evocations
 + Level 7.6 Shapeshifting


You had 16 spell levels left.
You didn't know any spells.
Your spell library contained the following spells:

 Spells                   Type           Power      Damage    Failure   Level
 Sandblast                Erth           14%        2d6       7%          1
 Passwall                 Tmut/Erth      5%         N/A       11%         2
 Static Discharge         Conj/Air       14%        2-3/arc   11%         2
 Stone Arrow              Conj/Erth      14%        3d7       21%         3
 Leda's Liquefaction      Hex/Erth       3%         N/A       56%         4
 Plasma Beam              Fire/Air       3%         2x1d13    100%        6
 Lehudib's Crystal Spear  Conj/Erth      3%         10d3      100%        8


Dungeon Overview and Level Annotations

Branches:
Dungeon (7/15)             Temple (0/1) D:6

Altars:
Hepliaklqana
Vehumet
The Shining One
Ignis

Shops:
D:1 [   D:6 [   D:7 *

Annotations:
D:4 2 transporters, mn3067's ghost, novice TrSh


Innate Abilities, Weirdness & Mutations

You are a tree.
Your roots penetrate the ground, keeping you stationary.
You cannot be teleported.
You are immune to unholy pain and torment.
Your maximum health is greatly increased.
Your equipment is partially melded.
((You have very sharp teeth.))
Your uncanny sense of smell can sniff out nearby items.
Your experience applies equally to all skills.


Message History

Something hits you but does no damage. The wight hits you but does no damage.
The water moccasin bites you but does no damage.
Your transformation has ended.
You turn into a tree.
Your +1 scale mail melds into your body.
Your roots penetrate the ground.
* * * LOW HITPOINT WARNING * * *
You feel sick. Something hits you but does no damage.
The water moccasin bites you but does no damage.
The wight hits you but does no damage.
Your ogre closely misses the water moccasin.
Your iguana barely misses the water moccasin.
Your white imp completely misses the water moccasin.
You barely miss the water moccasin.
* * * LOW HITPOINT WARNING * * *
You feel sick.
The water moccasin bites you but does no damage.
Something hits you but does no damage. The wight completely misses you.
Unknown command.
You cannot move.
You cannot move.
You cannot move.
You cannot move.
You cannot move.
You cannot move.
You cannot move.
You cannot move.
You cannot move.
You cannot move.
You cannot move.
It was a potion of haste.
You feel yourself speed up.
* * * LOW HITPOINT WARNING * * *
You feel sick.
The water moccasin bites you but does no damage.
Your iguana misses the water moccasin.
Your white imp gestures at the water moccasin.
The puff of frost hits the water moccasin!
Something hits you but does no damage.
The wight hits you from afar with a +3 trident.
You die...

###.#### # ... ..# .# #
###.##.####.#.##
###..^...........# #####
................ ....#...
#$......)..# ....#...#
#..........#.♣. ....#...#
#.....O{z.....>. ....#...#
#.....♣S5..#.♣.♣ ....#...#
#......l.......
#.###...###..............#
#.#..................##.#
#.#.#...................#
...†#..........[.#####.##
.......#.#####.### .#
.......#.# #.# .........#
.#


You could see a water moccasin (ally target), a wight, a friendly ogre
(summoned), a friendly iguana (summoned) and a friendly white imp (summoned).

Vanquished Creatures
  Prince Ribbit (D:6)
  Sigmund (D:6)
  A steam dragon (D:7)
  2 sky beasts (D:7)
  A black bear (D:7)
  An ogre (D:5)
  2 phantoms
  A kobold brigand (D:7)
  Blork the orc (D:4)
  2 scorpions (D:5)
  A wight (D:6)
  A hound (D:4)
  2 orc priests (D:5)
  5 jellies
  A sleepcap (D:6)
  4 iguanas
  Terence (D:2)
  Natasha (thrice) (D:2)
  2 orc wizards
  4 adders
  A shadow imp (D:5)
  2 dart slugs
  15 orcs
  2 ball pythons
  10 endoplasms
  3 giant cockroaches
  7 hobgoblins
  6 jackals
  A quokka (D:3)
  3 bats
  3 frilled lizards
  9 goblins
  11 kobolds
  3 rats
  A spectral hobgoblin (D:5)
114 creatures vanquished.

Notes
Turn   | Place    | Note
-------+----------+-------------------------------------------
     0 | D:1      | Malachi the Gnoll Shapeshifter began the quest for the Orb.
     0 | D:1      | Reached XP level 1. HP: 17/17 MP: 1/1
    56 | D:1      | Found Luesytei's Armour Boutique.
   151 | D:1      | Reached XP level 2. HP: 23/23 MP: 2/2
   577 | D:2      | Noticed Natasha
   582 | D:2      | Killed Natasha
   583 | D:2      | Reached skill level 1 in Invocations
   583 | D:2      | Reached XP level 3. HP: 19/28 MP: 2/4
   789 | D:2      | Reached skill level 1 in Short Blades
   789 | D:2      | Reached skill level 1 in Long Blades
   789 | D:2      | Reached skill level 1 in Axes
   789 | D:2      | Reached skill level 1 in Maces & Flails
   789 | D:2      | Reached skill level 1 in Polearms
   789 | D:2      | Reached skill level 1 in Staves
   789 | D:2      | Reached skill level 1 in Ranged Weapons
   789 | D:2      | Reached skill level 1 in Throwing
   789 | D:2      | Reached skill level 1 in Armour
   789 | D:2      | Reached skill level 1 in Stealth
   789 | D:2      | Reached skill level 1 in Shields
   789 | D:2      | Reached skill level 1 in Spellcasting
   789 | D:2      | Reached skill level 1 in Evocations
   853 | D:2      | Noticed Natasha
   857 | D:2      | Killed Natasha
   858 | D:2      | Reached XP level 4. HP: 34/34 MP: 5/5
   974 | D:2      | Noticed Natasha
   979 | D:2      | Killed Natasha
   980 | D:2      | Reached skill level 1 in Conjurations
   980 | D:2      | Reached skill level 1 in Hexes
   980 | D:2      | Reached skill level 1 in Summonings
   980 | D:2      | Reached skill level 1 in Necromancy
   980 | D:2      | Reached skill level 1 in Translocations
   980 | D:2      | Reached skill level 1 in Transmutations
   980 | D:2      | Reached skill level 1 in Fire Magic
   980 | D:2      | Reached skill level 1 in Ice Magic
   980 | D:2      | Reached skill level 1 in Air Magic
   980 | D:2      | Reached skill level 1 in Earth Magic
   980 | D:2      | Reached skill level 1 in Poison Magic
  1241 | D:2      | Noticed Terence
  1252 | D:2      | Killed Terence
  1253 | D:2      | Reached XP level 5. HP: 40/40 MP: 5/7
  2105 | D:3      | Found a faded altar of an unknown god.
  2205 | D:3      | Prayed at the altar of an unknown god.
  2205 | D:3      | Became a worshipper of Ignis, the Dying Flame
  2484 | D:4      | Reached XP level 6. HP: 36/47 MP: 8/8
  2578 | D:4      | Reached skill level 5 in Dodging
  2659 | D:4      | Noticed Blork the orc
  2672 | D:4      | Killed Blork the orc
  2786 | D:4      | Found a transporter.
  2787 | D:4      | Found a transporter.
  2787 | D:4      | Noticed mn3067's ghost (novice TrSh)
  2792 | D:4      | Noticed an orc warrior
  3013 | D:5      | Entered Level 5 of the Dungeon
  3042 | D:5      | Reached XP level 7. HP: 30/52 MP: 10/10
  3249 | D:5      | Found a hazy altar of Hepliaklqana.
  3357 | D:5      | Got Sif Muna's Precepts of Dusty Anemomancy
  3969 | D:5      | You fall into a shaft and drop 2 floors!
  4004 | D:7      | Noticed a steam dragon
  4027 | D:7      | Killed a steam dragon
  4028 | D:7      | Reached XP level 8. HP: 48/60 MP: 12/12
  4164 | D:7      | Found Plog's Assorted Antiques.
  4526 | D:6      | Noticed Sigmund
  4534 | D:6      | Killed Sigmund
  4585 | D:6      | Found a radiant altar of Vehumet.
  4598 | D:6      | Reached XP level 9. HP: 66/66 MP: 14/14
  4620 | D:6      | Noticed Prince Ribbit
  4629 | D:6      | Killed Prince Ribbit
  4744 | D:6      | Found a glowing golden altar of the Shining One.
  4883 | D:6      | Found Lenkilea's Armour Shop.
  4936 | D:6      | Found a staircase to the Ecumenical Temple.
  4954 | D:6      | HP: 3/64 [wight/+3 trident (8)]
  4958 | D:6      | Slain by a wight

Illustrated notes

Levels and vault maps discovered:
D:1:      sevenhm_arrival_forest_fort_large_2, layout_basic, serial_shops,
          nicolae_shop_tiny_waterfront
D:2:      layout_basic, uniq_natasha, uniq_terence, uniq_crazy_yiuf_cottage
D:3:      layout_rooms, shapermc_ecumenical_altar_mp_vishouse,
          serial_bayou_pond_a, minmay_misc_feat_tower
D:4:      layout_layer_cave, gammafunk_ghost_arena, uniq_blork_the_orc
D:5:      cheibrodos_thug_alley, layout_basic,
          nicolae_hepliaklqana_monster_ancestors
D:6:      layout_loops_ring, mainiacjoe_overflow_alcove_1,
          vehumet_altar_wand_db, minmay_temple_entry_trees,
          nicolae_stop_n_shop_2, uniq_sigmund, uniq_prince_ribbit1
D:7:      layout_basic, kennysheep_windowed_goal

Skill      XL: |  1  2  3  4  5  6  7  8  9 |
---------------+----------------------------+-----
Invocations    | 1 2 3 4 |  4.5
Short Blades   | 1 2 3 4 |  4.0
Long Blades    | 1 2 3 4 |  4.0
Axes           | 1 2 3 4 |  4.0
Maces & Flails | 1 2 3 4 |  4.0
Polearms       | 1 2 3 4 |  4.0
Staves         | 1 2 3 4 |  4.0
Ranged Weapons | 1 2 3 4 |  4.0
Throwing       | 1 2 3 4 |  4.0
Armour         | 1 2 3 4 |  4.0
Stealth        | 1 2 3 4 |  4.0
Shields        | 1 2 3 4 |  4.0
Spellcasting   | 1 2 3 4 |  4.0
Evocations     | 1 2 3 4 |  4.0
Conjurations   | 1 2 3 |  3.3
Hexes          | 1 2 3 |  3.3
Summonings     | 1 2 3 |  3.3
Necromancy     | 1 2 3 |  3.3
Translocations | 1 2 3 |  3.3
Transmutations | 1 2 3 |  3.3
Fire Magic     | 1 2 3 |  3.3
Ice Magic      | 1 2 3 |  3.3
Air Magic      | 1 2 3 |  3.3
Earth Magic    | 1 2 3 |  3.3
Poison Magic   | 1 2 3 |  3.3
Fighting       | 3 4 |  4.9
Dodging        | 5 6 |  6.2
Unarmed Combat | 7 |  7.8
Shapeshifting  | 7 |  7.6

Action                     |  1- 3 |  4- 6 |  7- 9 || total
---------------------------+-------+-------+-------++-------
  Melee: Unarmed           |    40 |   120 |   164 ||   324
         Bite              |     5 |    13 |    23 ||    41
         Punch             |     1 |     3 |    12 ||    16
    Use: Scroll            |       |       |     7 ||     7
         Potion            |       |       |     2 ||     2
   Stab: Sleeping          |       |       |     2 ||     2
 Armour: Animal skin       |     6 |       |       ||     6
         Scale mail        |     6 |    84 |   133 ||   223
         Skin              |       |       |     8 ||     8
  Dodge: Dodged            |    30 |    45 |   100 ||   175

Table legend: (Time is in decaauts)
 A = Elapsed time spent in this place.
 B = Non-inter-level travel time spent in this place.
 C = Inter-level travel time spent in this place.
 D = Time resting spent in this place.
 E = Time spent auto-exploring this place.
 F = Levels seen in this place.
 G = Mean time per level.
                   A        B        C        D        E       F      G
               +--------+--------+--------+--------+--------+-----+--------+
         Total |   4913 |   4619 |    294 |    134 |   3778 |   7 |  701.9 |
       Dungeon |   4913 |   4619 |    294 |    134 |   3778 |   7 |  701.9 |
               +--------+--------+--------+--------+--------+-----+--------+

Top non-repeatable levels by time:
     D:2: 1021 daAuts
     D:5: 947 daAuts
     D:4: 789 daAuts
     D:3: 612 daAuts
     D:1: 569 daAuts
     D:7: 546 daAuts
     D:6: 426 daAuts
